Map: [ESL] Moondance

Players

SpeCial

  • Race: Terran Terran
  • Spawn Location: 12:00

Cham - Winner!

  • Race: Zerg Zerg
  • Spawn Location: 6:00

Event: DreamHack SC2 Masters 2022 Atlanta (Online)

VOD

Have the link to the VOD?

Description

Time

  • Played on: Oct. 1, 2022, 3:28 p.m.
  • Length: 24:38

All games in this series

Show
View Real Time Build Order
Export as new Build Order

SpeCial Terran 

Build Orders: Hellion Banshee 

Get SALT Encoding   

  12  0:00  SCV  
  13  0:12  SCV  
  14  0:17  Supply Depot  
  14  0:24  SCV  
  15  0:39  SCV  
  15  0:40  Barracks  
  16  0:44  Refinery  
  16  0:51  SCV  
  17  1:03  SCV  
  18  1:15  SCV  
  19  1:27  Barracks Reactor, Orbital Command  
  19  1:39  Command Center  
  19  1:50  Supply Depot  
  19  1:54  SCV  
  20  2:03  Marine x2  
  20  2:06  SCV  
  23  2:14  Factory  
  23  2:18  SCV  
  23  2:21  Marine x2  
  26  2:30  SCV  
  26  2:31  Refinery  
  27  2:38  Marine x2  
  27  2:42  SCV  
  30  2:53  Orbital Command  
  30  2:54  SCV  
  31  3:00  Starport  
  31  3:06  SCV  
  31  3:08  Hellion  
  31  3:12  Hellion  
  36  3:13  Bunker  
  36  3:16  Barracks Tech Lab  
  36  3:19  SCV  
  37  3:21  SCV  
  38  3:31  SCV  
  38  3:33  Hellion x2  
  42  3:36  SCV  
  42  3:43  SCV  
  42  3:48  SCV  
  39  3:54  Cloaking Field  
  39  3:55  Banshee  
  42  3:56  SCV, Hellion  
  42  4:00  Supply Depot, Barracks Tech Lab  
  42  4:02  SCV  
  46  4:16  Hellion  
  46  4:18  SCV x2  
  46  4:24  Command Center  
  42  4:25  Stimpack, Marine  
  42  4:27  Supply Depot  
  42  4:30  SCV x2  
  45  4:37  Banshee  
  48  4:42  Marine  
  48  4:44  SCV x2  
  51  4:46  Barracks  
  51  4:51  Factory Reactor  
  51  4:54  Barracks  
  51  4:55  Supply Depot  
  51  4:56  SCV  
  52  5:00  SCV, Marine  
  54  5:08  SCV  
  54  5:12  SCV  
  56  5:14  Engineering Bay  
  56  5:16  Engineering Bay  
  56  5:18  Marine  
  56  5:20  Supply Depot  
  56  5:21  SCV  
  58  5:24  SCV  
  59  5:28  Refinery  
  59  5:30  Starport Reactor  
  59  5:31  Refinery  
  59  5:33  SCV  
  60  5:36  SCV, Orbital Command  
  60  5:38  Marine x2  
  60  5:39  Marine  
  60  5:42  Siege Tank  
  67  5:44  Terran Infantry Armor Level 1, Terran Infantry Weapons Level 1  
  67  5:48  SCV x2  
  69  5:56  Marine x4  
  73  6:00  SCV x2  
  73  6:03  SCV  
  76  6:07  Supply Depot  
  76  6:08  Medivac x2  
  76  6:09  Marine  
  81  6:12  Supply Depot, SCV  
  81  6:14  SCV, Marine x2  
  81  6:15  SCV  
  81  6:17  Combat Shield  
  86  6:19  Marine x2  
  86  6:25  SCV  
  89  6:26  SCV  
  89  6:27  Siege Tank  
  89  6:28  SCV, Marine  
  89  6:32  Marine x2  
  97  6:37  SCV  
  97  6:38  SCV  
  99  6:41  SCV, Marine  
  99  6:42  Barracks x2, Marine  
  99  6:46  Marine  
  103  6:50  SCV x2, Marine x2  
  103  6:52  Refinery  
  103  6:53  Supply Depot  
  103  6:54  Supply Depot  
  107  6:57  Medivac  
  109  7:14  Missile Turret, Medivac, Marine x5  
  109  7:15  SCV, Siege Tank  
  120  7:19  Armory  
  120  7:20  Supply Depot x2  
  120  7:31  Barracks Reactor x2  
  120  7:32  Marine x3  
  122  7:42  Factory, Marine x2  
  111  7:47  SCV, Siege Tank  
  111  7:48  Medivac  
  111  7:50  Marine x3  
  105  8:00  Marine x2  
  107  8:08  Marine x3  
  107  8:09  SCV x2  
  107  8:12  Terran Infantry Armor Level 2, Terran Infantry Weapons Level 2  
  111  8:14  Marine x4  
  111  8:17  Marine  
  111  8:18  Marine  
  117  8:20  Missile Turret  
  117  8:22  Terran Vehicle Weapons Level 1  
  117  8:25  Marine x3  
  117  8:26  Factory Tech Lab  
  120  8:32  Marine x4  
  124  8:35  Siege Tank, Marine x2  
  129  8:43  Marine x3  
  132  8:49  Marine  
  132  8:50  Marine x3  
  132  8:53  Marine x2  
  138  8:56  Supply Depot  
  138  8:58  Thor  
  138  9:01  Marine x3  
  147  9:04  Command Center  
  147  9:07  Marine x2  
  149  9:14  Supply Depot  
  149  9:15  Supply Depot  
  149  9:17  Thor, Marine x2  
  149  9:21  Marine x3  
  149  9:23  Sensor Tower  
  157  9:25  Marine x3  
  157  9:28  Supply Depot  
  157  9:29  Supply Depot  
  157  9:30  Supply Depot  
  157  9:35  Marine x3  
  157  9:37  Medivac x2  
  164  9:38  Missile Turret, Marine x3  
  164  9:43  Marine x3  
  164  9:44  Thor  
  173  9:53  SCV x3, Marine x3  
  173  9:56  Marine x2  
  173  9:57  Marine  
  182  10:00  Marine  
  182  10:02  Marine  
  182  10:05  SCV  
  182  10:06  Marine  
  183  10:10  SCV x2  
  183  10:11  Marine x3  
  188  10:14  Marine x3  
  188  10:19  Terran Vehicle Weapons Level 2  
  189  10:25  Marine  
  189  10:26  Marine x2  
  189  10:29  Marine  
  189  10:30  Medivac x2  
  193  10:36  Siege Tank, Marine x2  
  193  10:50  Marine x2  
  188  10:57  Siege Tank  
  188  10:58  Marine x2  
  188  11:01  Marine x2  
  195  11:05  Marine  
  195  11:06  Marine  
  195  11:08  Siege Tank  
  200  11:13  Command Center  
  200  11:20  Terran Infantry Weapons Level 3, Terran Infantry Armor Level 3  
  200  11:25  Marine x2  
  184  11:27  Marine x2  
  184  11:31  Marine  
  184  11:32  Marine  
  181  11:36  Marine x3  
  181  11:38  Siege Tank  
  188  11:43  Marine x2  
  188  11:45  Marine x2  
  188  11:46  Barracks  
  184  11:47  Barracks  
  184  11:49  Marine  
  184  11:52  Marine  
  184  11:54  Marine x3  
  187  12:00  Marine  
  187  12:01  Marine  
  189  12:05  Siege Tank  
  143  12:09  Marine x2  
  143  12:11  Marine  
  119  12:16  Siege Tank  
  119  12:17  Marine x4  
  119  12:20  Marine  
  122  12:26  Marine  
  122  12:27  Marine  
  113  12:34  Marine x2  
  113  12:35  Barracks Tech Lab x2  
  113  12:36  Marauder  
  117  12:37  Siege Tank  
  117  12:40  Medivac x2  
  102  12:52  Marine  
  102  12:53  Marine  
  92  12:59  Siege Tank, Marine  
  92  13:00  Marine  
  92  13:02  Planetary Fortress  
  97  13:07  Marauder, Marine x3  
  97  13:10  Medivac x2  
  97  13:11  Marine  
  97  13:12  Marine x2  
  109  13:14  Drilling Claws  
  109  13:16  Marine  
  109  13:17  Marine  
  109  13:18  Marine  
  112  13:23  Marine  
  112  13:25  Marine x2  
  114  13:27  Orbital Command  
  115  13:29  Marauder  
  115  13:30  Marine x2  
  119  13:35  Thor  
  125  13:43  Marine  
  125  13:44  Marine  
  125  13:45  Marine x2  
  125  13:48  Marine x4  
  129  13:49  Marine x2  
  129  13:50  Marine  
  129  13:54  Medivac x2  
  140  13:57  SCV x2  
  140  13:58  SCV  
  140  14:01  Marine  
  144  14:06  Siege Tank  
  144  14:08  Marine  
  144  14:09  Marauder, Marine x5  
  155  14:10  Marine x2  
  155  14:14  Marauder  
  159  14:19  Marine  
  159  14:26  Marine x3  
  159  14:28  SCV x3, Marauder  
  159  14:30  Marauder  
  169  14:36  Marauder, Marine x4  
  169  14:37  Marine  
  176  14:40  Siege Tank  
  176  14:44  Marine x2  
  181  14:49  Marine  
  181  14:50  Marauder  
  184  14:57  Marauder, Marine x2  
  188  15:05  Siege Tank  
  185  15:10  Marauder, Marine x4  
  185  15:14  Marauder, Marine  
  191  15:17  Siege Tank  
  191  15:18  Marine  
  191  15:19  Marauder, Marine  
  191  15:20  Marine  
  168  15:31  Marauder  
  168  15:35  Marine  
  149  15:36  Marauder  
  149  15:37  Siege Tank  
  149  15:41  Missile Turret, Marine x3  
  149  15:42  Marauder, Marine x4  
  154  15:46  Refinery x2  
  154  15:49  SCV  
  156  15:52  Marine  
  156  15:53  Marine  
  156  15:56  Marine  
  159  15:59  Marine x2  
  159  16:01  Marine  
  159  16:02  Marine x3  
  159  16:03  Marauder  
  167  16:09  Thor  
  167  16:11  Marauder, Marine  
  175  16:15  Marauder  
  175  16:16  Marine  
  175  16:17  Marine x2  
  181  16:19  Marine x3  
  181  16:20  Marine  
  181  16:24  Marauder  
  184  16:29  Marine  
  184  16:32  Marauder  
  184  16:34  Marine  
  184  16:36  Marauder  
  175  16:46  Marauder  
  169  16:48  Marine  
  169  16:49  Siege Tank  
  169  16:53  Marauder  
  175  16:58  Marauder  
  177  17:07  Marauder  
  179  17:09  Ghost Academy  
  179  17:13  Marine  
  179  17:14  Command Center  
  179  17:15  Command Center, Marauder  
  182  17:17  Command Center  
  182  17:20  Liberator x2  
  185  17:26  Marauder, Marine  
  185  17:28  Siege Tank  
  185  17:40  Marine x2, Ghost  
  185  17:41  Marauder, Marine  
  185  17:42  Marine x2  
  187  17:45  Marine  
  187  17:47  Ghost  
  190  17:54  Refinery, Missile Turret  
  190  17:55  Refinery, Missile Turret  
  190  18:01  Ghost  
  186  18:17  Ghost x2  
  186  18:18  Marine x2  
  190  18:23  Command Center  
  190  18:30  Orbital Command x2  
  190  18:41  Ghost  
  190  18:42  Marine  
  190  18:46  Ghost  
  195  18:50  Command Center  
  190  19:04  Missile Turret  
  190  19:08  Ghost  
  190  19:09  Marine x4  
  185  19:10  Ghost  
  185  19:13  Missile Turret  
  185  19:14  Marine, Ghost  
  189  19:21  Siege Tank x2  
  195  19:24  Marine  
  195  19:25  Marine  
  192  19:32  Marine  
  192  19:36  Medivac x2, Ghost  
  195  19:38  Ghost  
  195  19:39  Personal Cloaking  
  195  19:43  Marauder  
  185  19:54  Thor  
  183  20:03  Siege Tank  
  183  20:04  Marine  
  183  20:05  Marauder  
  183  20:06  Marauder  
  191  20:08  Marauder  
  193  20:25  Ghost  
  193  20:26  Ghost  
  197  20:32  Planetary Fortress  
  197  20:33  Missile Turret  
  197  20:35  Missile Turret  
  197  20:36  Sensor Tower  
  197  20:41  Missile Turret  
  195  20:43  Ghost  
  195  20:46  Marine x2  
  196  20:50  Orbital Command  
  189  21:03  Marine  
  188  21:04  Factory  
  184  21:20  Ghost x2  
  188  21:26  Missile Turret  
  188  21:30  Refinery x2  
  188  21:37  Planetary Fortress  
  188  21:40  Factory  
  188  21:45  Ghost  
  172  21:58  Ghost  
  172  21:59  Marine x2  
  172  22:03  Factory Tech Lab  
  172  22:06  Marine  
  172  22:08  Marine  
  173  22:13  Thor  
  180  22:24  Refinery  
  180  22:25  Refinery  
  180  22:27  Missile Turret  
  180  22:29  Command Center  
  169  22:38  Thor  
  169  22:39  Thor  
  181  22:47  Viking x2  
  181  22:48  Marine x2  
  182  22:51  Ghost  
  182  22:55  Factory Reactor  
  182  22:56  Marine x2  
  185  23:00  Marine  
  186  23:05  Thor  
  186  23:08  Marine x7  
  190  23:14  Marine x2  
  190  23:18  Marine  
  190  23:19  Viking x2  
  193  23:20  Marine  
  193  23:25  Marine  
  193  23:26  Marine x2  
  193  23:29  Marine x2  
  193  23:31  Ghost  
  193  23:33  Hellion x2  
  193  23:34  Hellion  
  162  23:35  Marine x2  
  162  23:36  Marine x2  
  162  23:38  Marine  
  141  23:43  Marine x3  
  140  23:53  Ghost  
  140  23:55  Marine x2  
  141  23:56  Hellion  
  115  24:04  Marine x6  
  115  24:08  Marine  
  126  24:16  Marine x3  
Show
View Real Time Build Order
Export as new Build Order

Cham Zerg - Winner!

Build Orders: Hatch First 

Get SALT Encoding   

  12  0:00  Drone  
  13  0:10  Drone  
  14  0:16  Overlord  
  14  0:34  Drone x2  
  16  0:46  Hatchery  
  15  0:50  Drone  
  15  0:54  Drone  
  17  0:58  Drone  
  18  1:11  Spawning Pool  
  17  1:13  Extractor  
  17  1:15  Drone  
  17  1:20  Drone  
  18  1:29  Drone  
  19  1:40  Drone  
  20  1:50  Drone  
  21  1:58  Queen x2  
  21  1:59  Zergling x2  
  21  2:00  Zergling x2  
  27  2:10  Drone  
  27  2:11  Overlord  
  28  2:22  Hatchery  
  27  2:25  Drone  
  29  2:30  Drone  
  29  2:38  Queen  
  29  2:41  Drone  
  29  2:42  Overlord  
  32  2:45  Drone  
  32  2:49  Drone  
  34  2:53  Metabolic Boost  
  34  3:03  Drone x3  
  37  3:12  Zergling x2  
  38  3:13  Zergling x6  
  38  3:14  Queen  
  38  3:19  Overlord  
  43  3:25  Drone  
  44  3:31  Zergling x2  
  44  3:33  Zergling x2  
  44  3:34  Queen  
  44  3:35  Zergling x2  
  46  3:45  Drone  
  46  3:46  Drone  
  46  3:47  Drone x2  
  46  3:48  Drone x4  
  54  3:52  Queen  
  53  3:56  Drone x2  
  53  4:00  Overlord  
  53  4:01  Drone  
  56  4:07  Overlord  
  56  4:08  Drone  
  57  4:15  Zergling x4  
  57  4:19  Drone  
  57  4:24  Drone x7  
  58  4:31  Drone  
  64  4:32  Lair  
  64  4:34  Spore Crawler  
  64  4:36  Extractor  
  64  4:37  Spore Crawler  
  61  4:42  Drone x3  
  61  4:44  Drone  
  65  4:47  Drone  
  65  4:48  Drone  
  67  4:55  Drone x3  
  67  4:59  Spore Crawler  
  69  5:01  Drone  
  69  5:03  Spore Crawler  
  69  5:04  Drone x2, Overlord  
  69  5:05  Drone x3  
  74  5:11  Extractor  
  74  5:12  Extractor  
  72  5:15  Drone x2  
  72  5:16  Drone, Extractor x2  
  72  5:20  Drone  
  72  5:21  Hatchery  
  73  5:23  Drone  
  73  5:24  Baneling Nest  
  73  5:26  Overlord  
  73  5:29  Overlord  
  73  5:30  Overlord  
  73  5:34  Drone, Spire  
  73  5:37  Drone  
  73  5:40  Drone  
  73  5:42  Drone x3  
  78  5:49  Overlord  
  78  5:52  Overseer  
  74  6:02  Zergling x4, Drone x2  
  74  6:03  Overlord x2  
  78  6:04  Zergling x4  
  78  6:05  Zergling x4  
  78  6:06  Overlord  
  78  6:08  Drone  
  78  6:10  Centrifugal Hooks  
  83  6:17  Drone x3  
  86  6:19  Drone  
  86  6:20  Zergling x6  
  86  6:21  Zergling x2  
  86  6:23  Overlord  
  91  6:31  Zergling x4  
  93  6:34  Drone x2  
  93  6:41  Baneling x2  
  93  6:42  Baneling x4  
  93  6:43  Drone x3  
  93  6:44  Overlord  
  96  6:48  Zergling x4  
  96  6:53  Mutalisk x5  
  108  6:55  Mutalisk  
  108  6:56  Mutalisk  
  108  7:00  Mutalisk  
  114  7:06  Mutalisk x2  
  118  7:09  Overlord  
  118  7:10  Overlord  
  118  7:13  Mutalisk  
  120  7:17  Mutalisk  
  120  7:18  Zergling x6  
  120  7:19  Overlord  
  120  7:20  Drone x2  
  120  7:22  Mutalisk  
  127  7:24  Drone x2  
  122  7:39  Drone x5  
  122  7:40  Drone x6  
  122  7:41  Mutalisk x3  
  139  7:46  Evolution Chamber  
  139  7:47  Evolution Chamber  
  139  7:48  Drone x2  
  134  7:55  Mutalisk x2  
  134  7:57  Zergling x12  
  134  7:58  Zergling x2  
  143  8:00  Drone x2  
  144  8:06  Overlord  
  144  8:09  Mutalisk x2  
  144  8:11  Drone x4  
  148  8:14  Extractor x2  
  148  8:16  Hatchery  
  145  8:20  Zerg Ground Armor Level 1, Zerg Melee Weapons Level 1  
  145  8:25  Zergling x4  
  145  8:26  Zergling x10  
  152  8:28  Mutalisk  
  152  8:33  Zerg Flyer Weapons Level 1, Overlord x2  
  154  8:37  Overseer  
  154  8:38  Drone x5  
  153  8:41  Mutalisk  
  152  8:48  Mutalisk  
  152  8:53  Drone x4  
  152  8:55  Infestation Pit, Drone x3  
  155  8:58  Drone x4  
  155  9:00  Zergling x2, Overlord  
  159  9:05  Zergling x2  
  159  9:06  Baneling  
  159  9:07  Baneling x7  
  159  9:08  Drone x2  
  159  9:09  Baneling  
  161  9:10  Baneling x2  
  161  9:11  Overlord  
  161  9:12  Drone  
  161  9:13  Zergling x4  
  163  9:17  Mutalisk x2  
  163  9:22  Zergling x4, Drone  
  163  9:23  Zergling x4  
  172  9:31  Mutalisk x3  
  172  9:33  Zergling x6  
  172  9:35  Baneling x7  
  172  9:37  Zergling x2  
  182  9:42  Hive  
  182  9:50  Zergling x18  
  182  9:51  Zergling x8  
  195  9:55  Baneling x8  
  195  10:03  Zergling x4  
  195  10:04  Zergling x8  
  200  10:19  Baneling x9, Hatchery  
  198  10:32  Overseer x2  
  162  10:53  Zergling x2  
  162  10:54  Zergling x40  
  162  10:56  Zerg Melee Weapons Level 2, Zerg Ground Armor Level 2, Adrenal Glands  
  179  11:00  Ultralisk Cavern  
  179  11:01  Baneling x16  
  179  11:02  Baneling  
  178  11:04  Zergling x10  
  178  11:05  Baneling x4  
  178  11:09  Baneling  
  178  11:10  Baneling x3  
  178  11:11  Zergling x10  
  186  11:16  Zergling x4  
  186  11:18  Zergling x2  
  186  11:19  Zergling x2  
  186  11:23  Zergling x2  
  186  11:24  Baneling  
  186  11:25  Baneling x11  
  175  11:29  Zergling x18  
  176  11:33  Zergling x2  
  176  11:37  Zergling x8  
  176  11:39  Zergling x2  
  182  11:40  Zergling x4  
  182  11:41  Drone x3  
  182  11:45  Spawning Pool  
  182  11:46  Drone x3  
  187  11:49  Zergling x4  
  187  11:50  Baneling x6  
  187  11:52  Zergling x2  
  187  11:53  Baneling x2  
  187  11:54  Zergling x4, Baneling x3  
  190  11:55  Zergling x2, Baneling x2  
  190  11:56  Zergling x6  
  190  11:57  Baneling  
  190  11:58  Zergling x2  
  151  12:09  Zergling x12  
  151  12:14  Zergling x22  
  140  12:18  Baneling x8  
  140  12:21  Zergling x6  
  140  12:22  Ultralisk Cavern  
  142  12:23  Zergling x4  
  142  12:24  Zergling x2  
  142  12:25  Zergling x4  
  142  12:27  Mutalisk x2  
  141  12:30  Zergling x4  
  143  12:37  Drone  
  143  12:38  Queen, Drone x3  
  143  12:39  Extractor  
  143  12:40  Baneling  
  143  12:41  Baneling x6  
  143  12:42  Zergling x2  
  144  12:50  Zergling x16  
  132  12:52  Mutalisk  
  132  12:57  Mutalisk x3  
  132  12:58  Zergling x2, Mutalisk  
  128  13:07  Zergling x4  
  128  13:08  Zergling x6  
  128  13:09  Extractor  
  128  13:10  Baneling  
  128  13:11  Baneling x4  
  128  13:12  Zergling x14  
  139  13:13  Zergling x4  
  139  13:15  Overlord  
  139  13:17  Zergling x2, Extractor  
  139  13:18  Drone x2, Extractor  
  142  13:20  Zergling x6, Chitinous Plating  
  142  13:23  Zergling x6  
  142  13:26  Zergling x2  
  149  13:29  Zergling x2  
  149  13:30  Zergling x6  
  149  13:33  Hatchery  
  152  13:34  Zerg Ground Armor Level 3  
  152  13:37  Drone x3  
  152  13:40  Queen  
  155  13:46  Drone, Zerg Melee Weapons Level 3  
  155  13:47  Drone x4  
  155  13:48  Zergling x4  
  162  13:52  Drone  
  162  13:53  Drone x2  
  165  13:55  Drone  
  165  13:56  Zergling x4, Drone  
  165  13:58  Spore Crawler  
  168  14:04  Pneumatized Carapace  
  180  14:10  Ultralisk x2  
  180  14:11  Drone  
  180  14:12  Baneling x4  
  180  14:13  Baneling  
  181  14:21  Baneling x6  
  181  14:23  Ultralisk  
  187  14:25  Zergling x2  
  187  14:26  Zergling x10  
  193  14:33  Overlord, Ultralisk  
  199  14:39  Anabolic Synthesis  
  199  14:41  Overlord  
  199  14:45  Baneling x4  
  199  14:46  Baneling x16  
  199  14:56  Baneling  
  196  15:00  Zergling x4  
  196  15:01  Zergling x6  
  196  15:03  Zergling x4  
  199  15:11  Baneling x5  
  199  15:12  Baneling x6  
  158  15:29  Ultralisk x2  
  158  15:30  Zergling x16, Ultralisk x3  
  158  15:31  Zergling x6  
  158  15:32  Zergling x4  
  170  15:38  Zergling x2, Ultralisk  
  170  15:39  Zergling x4  
  162  15:45  Zergling x4  
  170  15:50  Zergling x2  
  170  15:51  Zergling x4  
  168  15:58  Baneling x2  
  168  15:59  Baneling  
  168  16:03  Ultralisk  
  162  16:04  Zergling x6  
  162  16:05  Zergling x10  
  162  16:11  Drone x3  
  162  16:12  Drone x4  
  169  16:20  Ultralisk  
  167  16:27  Zergling x20  
  167  16:28  Zergling x6  
  167  16:32  Baneling x6  
  174  16:38  Zergling x2  
  154  16:41  Zergling x6, Ultralisk  
  154  16:46  Infestor x2  
  162  16:57  Viper  
  162  16:58  Viper  
  168  17:05  Hatchery  
  168  17:06  Baneling x4, Drone  
  168  17:07  Drone x4  
  172  17:08  Drone  
  172  17:09  Swarm Host  
  172  17:13  Corruptor x2  
  177  17:23  Zerg Flyer Weapons Level 2  
  177  17:27  Overlord x2  
  177  17:29  Overseer  
  168  17:44  Zergling x38  
  166  17:45  Zergling x6  
  185  17:54  Corruptor  
  185  17:55  Corruptor x3  
  185  17:57  Baneling x3  
  186  18:16  Hatchery  
  186  18:19  Corruptor x2  
  185  18:21  Zergling x12  
  185  18:22  Zergling x2  
  185  18:26  Overseer  
  196  18:31  Zergling x2, Infestor  
  196  18:32  Zergling x2  
  200  18:40  Hatchery  
  199  18:47  Extractor x2  
  199  18:48  Baneling x5  
  197  18:49  Baneling x15  
  197  18:51  Zergling x4  
  181  19:18  Baneling x17  
  173  19:27  Corruptor  
  173  19:28  Corruptor x8  
  187  19:39  Corruptor  
  189  19:47  Corruptor x2  
  189  19:51  Corruptor x4, Hatchery  
  190  20:05  Corruptor x2  
  190  20:06  Zergling x10  
  199  20:07  Hatchery  
  199  20:08  Zergling x2  
  199  20:21  Overlord  
  199  20:34  Overlord  
  199  20:36  Hatchery  
  198  20:48  Zergling x2  
  199  20:56  Greater Spire  
  197  21:03  Hatchery  
  196  21:06  Zergling x2  
  196  21:15  Zergling x6  
  193  21:27  Extractor  
  193  21:28  Extractor  
  193  21:30  Zergling x6  
  194  21:32  Spine Crawler  
  194  21:33  Spore Crawler, Spine Crawler  
  194  21:34  Spine Crawler  
  194  21:35  Drone x6  
  194  21:36  Zergling x4, Drone  
  194  21:37  Spine Crawler  
  194  21:38  Zergling x2  
  182  21:47  Zergling x12  
  182  21:49  Baneling x11  
  175  22:08  Overlord  
  175  22:10  Brood Lord x8  
  175  22:12  Zergling x8  
  175  22:13  Zergling x10  
  200  22:20  Spore Crawler x3  
  197  22:23  Drone x3  
  187  22:39  Brood Lord x2  
  187  22:40  Brood Lord  
  188  22:48  Zergling x22  
  195  22:56  Zergling x4  
  195  22:57  Zergling x4  
  199  22:58  Overseer  
  199  23:08  Zergling x2  
  166  23:35  Corruptor  
  166  23:36  Corruptor x4  
  166  23:37  Zergling x26  
  166  23:38  Zergling x6  
  174  23:59  Extractor  
  174  24:00  Extractor  
  161  24:05  Zergling x2  
  161  24:06  Zergling x20  
Tags
 
Add a new tag
Caveats
  • Supply blocks, unpowered buildings, or Contaminate may cause inaccurate times.
  • Supply counts are checked every 10 seconds.